 Dungeon Crawl Stone Soup version 0.19-a0-854-gc78d25d (webtiles) character file.

268 scalarboson the Chopper (level 6, -8/52 HPs)
             Began as a Hill Orc Monk on July 1, 2016.
             Was a Follower of Beogh.
             Mangled by mamga's ghost (13 damage)
             ... on level 4 of the Dungeon.
             The game lasted 00:10:01 (3649 turns).

scalarboson the Chopper (Hill Orc Monk)             Turns: 3649, Time: 00:10:01

Health: -8/52      AC:  3    Str: 14    XL:     6   Next: 21%
Magic:  4/6        EV: 14    Int:  8    God:    Beogh [*.....]
Gold:   212        SH:  0    Dex: 15    Spells: 0 memorised, 5 levels left

rFire  + . .     SeeInvis .     a - +1 hand axe
rCold  . . .     Gourm    .     b - +1 robe
rNeg   . . .     Faith    .     (no shield)
rPois  .         Spirit   .     (no helmet)
rElec  .         Dismiss  .     (no cloak)
rCorr  .         Reflect  .     (no gloves)
SustAt .         Harm     .     (no boots)
MR     .....                    (no amulet)
Stlth  ++........               (no ring)
                                (no ring)

@: not resistant to hostile enchantments, unstealthy
A: dopey 1, fire resistance 1, screaming 1
a: Renounce Religion


You were on level 4 of the Dungeon.
You worshipped Beogh.
Beogh was aware of your devotion.
You were near starving.

You visited 1 branch of the dungeon, and saw 4 of its levels.

You collected 212 gold pieces.

Inventory:

Hand Weapons
 a - a +1 hand axe (weapon)
Armour
 b - a +1 robe (worn)
Jewellery
 j - a +6 ring of intelligence {unknown}
 q - a +2 ring of protection {unknown}
Wands
 n - a wand of lightning (9/15)
Scrolls
 f - a scroll of remove curse
 i - a scroll of teleportation
 k - 2 scrolls of identify {unknown}
Potions
 d - a potion of brilliance
Books
 g - a book of Death

   Spells                             Type                      Level
   a - Corpse Rot                     Necromancy                   2
   b - Sublimation of Blood           Necromancy                   2
   c - Agony                          Necromancy                   5
   d - Dispel Undead                  Necromancy                   5
   e - Excruciating Wounds            Charms/Necromancy            5
   f - Bolt of Draining               Conjuration/Necromancy       5
Comestibles
 c - 5 bread rations
 l - 2 meat rations


   Skills:
 + Level 4.2 Fighting
 + Level 5.5 Axes
 + Level 4.4 Dodging
 + Level 2.3 Stealth


You had 5 spell levels left.
You didn't know any spells.

Dungeon Overview and Level Annotations

Branches:
Dungeon (4/15)
 Temple: D:4-7

Altars:
Dithmenos
Makhleb
Pakellas
Sif Muna
The Shining One

Shops:
D:2 }

Annotations:
D:4 mamga's ghost, amateur DrBe


Innate Abilities, Weirdness & Mutations

You are dopey. (Int -2)
Your flesh is heat resistant. (rF+)
You occasionally shout uncontrollably at your foes.


Message History

You are too injured to fight recklessly!
You are too injured to fight recklessly!
You are too injured to fight recklessly!
You are too injured to fight recklessly!
Unknown command.
You are too injured to fight recklessly!
Unknown command.
You are near starving!
You hit mamga's ghost but do no damage.
Mamga's ghost is moderately damaged.
You hit the worker ant. The worker ant closely misses you.
Mamga's ghost closely misses you. The worker ant barely misses you.
You miss mamga's ghost.
Mamga's ghost is moderately damaged.
You hit the worker ant but do no damage.
Mamga's ghost barely misses you. The worker ant closely misses you.
You closely miss mamga's ghost.
Mamga's ghost is moderately damaged.
You hit the worker ant. Mamga's ghost hits you!
You die...

*,*********,*,,,,,,*#.......
*,,,,,,,,,...r#**..##.......
*******###***#.#.###..##.......
*,,,,,,....,*#.#......##.......
*,,,,,,o....*#.#......##.......
*,,,,,,.....##.#...............
*,,,,,,........................
*,,,,,,....................####
*,,,,,,......W@................
*,,,,,,..?...a.............####
*,,,,,,.....####...............
*,,,,,,....,* #####........###
*,,,,,,...,,* #........##.
*******##**** #...........
#.......###. ######'#<##.
#....[.^


You could see a worker ant, mamga's ghost and a neutral orc wizard (wandering).

Vanquished Creatures
  3 orc wizards
  5 adders
  A gnoll (D:4)
  2 oozes (D:3)
  5 worms
  6 dart slugs
  4 giant geckos
  8 orcs
  3 giant cockroaches
  5 goblins
  6 hobgoblins
  5 jackals
  2 quokkas (D:4)
  2 ball pythons (D:3)
  12 bats
  6 giant newts
  8 kobolds
  5 rats
88 creatures vanquished.

Vanquished Creatures (others)
  A quokka (D:4)
1 creature vanquished.

Grand Total: 89 creatures vanquished

Notes
Turn   | Place    | Note
-------+----------+-------------------------------------------
     0 | D:1      | scalarboson the Hill Orc Monk began the quest for the Orb.
     0 | D:1      | Reached XP level 1. HP: 19/19 MP: 1/1
   127 | D:1      | Reached XP level 2. HP: 18/27 MP: 2/2
   854 | D:1      | Reached XP level 3. HP: 33/33 MP: 3/3
  1048 | D:2      | Gained mutation: Your flesh is heat resistant. (rF+) [potion of mutation]
  1048 | D:2      | Gained mutation: You occasionally shout uncontrollably at your foes. [potion of mutation]
  1048 | D:2      | Gained mutation: You are dopey. (Int -2) [potion of mutation]
  1114 | D:2      | Reached XP level 4. HP: 35/40 MP: 4/4
  1803 | D:2      | Found an oddly glowing altar of Pakellas.
  1803 | D:2      | Found Pakellas's Prime Provisions.
  1841 | D:3      | Found a shadowy altar of Dithmenos.
  1995 | D:3      | Reached skill level 5 in Axes
  2039 | D:3      | Reached XP level 5. HP: 7/46 MP: 5/5
  2044 | D:3      | HP: 2/46 [poisoned by a kobold]
  2052 | D:4      | HP: 2/46 [poisoned by a kobold]
  2060 | D:4      | HP: 1/46 [poisoned by a kobold]
  2378 | D:4      | Noticed an ogre
  2914 | D:3      | Found a deep blue altar of Sif Muna.
  2914 | D:3      | Found a glowing golden altar of the Shining One.
  3090 | D:3      | Found a burning altar of Makhleb.
  3429 | D:3      | Reached XP level 6. HP: 52/52 MP: 6/6
  3522 | D:4      | Became a worshipper of Beogh the Brigand
  3522 | D:4      | Reached * piety under Beogh
  3522 | D:4      | Reached ** piety under Beogh
  3627 | D:4      | Noticed mamga's ghost (amateur DrBe)
  3649 | D:4      | Mangled by mamga's ghost

Vault maps used:
D:1:      minmay_arrival_wavy_path
D:2:      johnstein_pakellas_shop, first_bread
D:3:      grunt_dithmenos_smoke, lemuel_round_altar,
          gammafunk_temple_overflow_wave, hangedman_abyss_or_decor_lesser_grid
D:4:      uniq_sigmund

Skill      XL: |  1  2  3  4  5 |
---------------+----------------+-----
Dodging        | 3 4 |  4.4
Fighting       | 4 |  4.2
Axes           | 5 |  5.5
Stealth        | 2 |  2.3

Action                   |  1- 3 |  4- 6 || total
-------------------------+-------+-------++-------
Melee: Hand axe          |    92 |   235 ||   327
Invok: Smiting           |       |     1 ||     1
       Convert to Beogh  |       |     1 ||     1
  Use: Scroll            |     4 |     5 ||     9
       Potion            |     3 |     6 ||     9
 Stab: Sleeping          |     1 |     6 ||     7
  Eat: Chunk             |     1 |     5 ||     6
       Beef jerky        |       |     1 ||     1
Armor: Robe              |    17 |    38 ||    55
Dodge: Dodged            |    94 |   181 ||   275
